 Dungeon Crawl Stone Soup version 0.30.1-11-g7821555f0a (webtiles) character file.

Game seed: 4132981181842596671

63 Nonny the Magician (level 3, -9/24 HPs)
             Began as a Mummy Fire Elementalist on Oct 30, 2023.
             Was an Initiate of Gozag.
             Killed themself with a badly aimed concussive blast (33 damage)
             ... on level 3 of the Dungeon.
             The game lasted 00:06:53 (2071 turns).

Nonny the Magician (Mummy Fire Elementalist)        Turns: 2071, Time: 00:06:55

Health: -9/24      AC:  3    Str: 11    XL:     3   Next: 87%
Magic:  7/9        EV: 12    Int: 16    God:    Gozag
Gold:   311        SH:  0    Dex: 12    Spells: 6/12 levels left

rFire   x . .        b - +0 short sword
rCold   + . .        (no shield)
rNeg    + + +        a - +0 robe
rPois   ∞            f - +0 helmet
rElec   .            (no cloak)
rCorr   .            (no gloves)
SInv    .            (no boots)
Will    .....        e - amulet of magic regeneration
Stlth   ++           (no ring)
HPRegen 0.24/turn    (no ring)
MPRegen 0.51/turn

%: faith
@: gold aura
A: cold resistance 1, negative energy resistance 3, torment resistance 2, heat
vulnerability 1, in touch with death 1, no potions, faith
a: Renounce Religion, Potion Petition, Call Merchant, Bribe Branch


You were on level 3 of the Dungeon.
You worshipped Gozag.
Gozag was aware of your devotion.
You visited 1 branch of the dungeon, and saw 3 of its levels.

You collected 337 gold pieces.
You spent 26 gold pieces at shops.

Inventory:

Hand Weapons
 b - a +0 short sword (weapon)
Missiles
 h - 5 poisoned darts
Armour
 a - a +0 robe (worn)
 f - a +0 helmet (worn)
Jewellery
 e - an amulet of magic regeneration (around neck)
Scrolls
 c - a scroll of teleportation
 d - a scroll of immolation
 g - a scroll of enchant weapon
 i - 2 scrolls of identify
 j - 2 scrolls of amnesia


   Skills:
 - Level 1.5 Dodging
 - Level 1.5 Stealth
 + Level 5.3 Spellcasting
 - Level 0.7 Conjurations
 - Level 2.4 Fire Magic


You had 6 spell levels left.
You knew the following spells:

 Your Spells              Type           Power      Damage    Failure   Level
a - Foxfire               Conj/Fire      36%        2x1d5     8%          1
b - Scorch                Fire           22%        2d6       9%          2
c - Volatile Blastmotes   Fire/Tloc      16%        2d11      26%         3

Your spell library contained the following spells:

 Spells                   Type           Power      Damage    Failure   Level
 Inner Flame              Hex/Fire       8%         N/A       26%         3
 Flame Wave               Conj/Fire      9%         2d6       61%         4
 Fireball                 Conj/Fire      4%         3d4       91%         5
 Plasma Beam              Fire/Air       4%         2x1d15    100%        6
 Starburst                Conj/Fire      4%         6d4       100%        6


Dungeon Overview and Level Annotations

Branches:
Dungeon (3/15)

Altars:
Gozag

Shops:
D:2 (*


Innate Abilities, Weirdness & Mutations

You are immune to poison.
Your flesh is cold resistant. (rC+)
You are immune to negative energy. (rN+++)
You are immune to unholy pain and torment.
You are vulnerable to heat. (rF-)
You are in touch with the powers of death.
You do not drink.
You have a special connection with the divine. (Faith)


Message History

The hobgoblin is moderately wounded.
The hobgoblin closely misses you.
You hit the hobgoblin but do no damage.
The hobgoblin is moderately wounded.
The hobgoblin misses you.
You closely miss the hobgoblin.
The hobgoblin is moderately wounded.
The hobgoblin hits you.
You hit the hobgoblin but do no damage.
The hobgoblin is moderately wounded.
The hobgoblin hits you.
You hit the hobgoblin but do no damage.
The hobgoblin is moderately wounded.
The hobgoblin hits you.
You hit the hobgoblin.
You kill the hobgoblin!
You now have 311 gold pieces (gained 8).
Things that are here:
a +0 ring mail; a white potion Really walk into that cloud of blastmotes?
Okay, then.
Press: ? - help, v - describe, . - travel The floor.
There is a cloud of blastmotes here.
You start resting.
HP restored.
A kobold comes into view. It is wielding a +0 short sword.
The kobold shouts!
Casting: Volatile Blastmotes (extremely dangerous; 26% risk of failure)
Confirm with . or Enter, or press ? or * to list all spells.
The spell is extremely dangerous to miscast (26% risk of failure)!
Continue anyway?
A cloud of volatile blastmotes flares up around you!
A hobgoblin comes into view.
The cloud of blastmotes explodes!
The concussive blast engulfs the kobold.
You kill the kobold!
The concussive blast engulfs you!! The fire burns you terribly!
Ouch! That really hurt!
You die...
Your body crumbles into a pile of gold.

###.#######
#.......... $
#.#[####### ###
#.#.....#####..
#..........##.#
#.......##.##.#######
##.#.....#...........
#.#.###.####$###
#.#.# #....@...#
#.#.# ######.#g#
#...# #.#.# ##### #.#
# ..# ###


You could see a hobgoblin (wandering).

Vanquished Creatures
  An adder (D:3)
  3 worms (D:2)
  A dart slug (D:2)
  A ball python (D:1)
  4 endoplasms
  A giant cockroach (D:1)
  3 goblins
  4 hobgoblins
  3 jackals (D:2)
  2 quokkas
  7 bats
  3 frilled lizards
  4 kobolds
  5 rats
42 creatures vanquished.

Vanquished Creatures (others)
  69 foxfires
69 creatures vanquished.

Grand Total: 111 creatures vanquished

Notes
Turn   | Place    | Note
-------+----------+-------------------------------------------
     0 | D:1      | Nonny the Mummy Fire Elementalist began the quest for the
                  | Orb.
     0 | D:1      | Reached XP level 1. HP: 13/13 MP: 4/4
    86 | D:1      | Reached skill level 3 in Spellcasting
   112 | D:1      | Book of Fire southeast of start.
   149 | D:1      | Found a faded altar of an unknown god.
   165 | D:1      | Prayed at the altar of an unknown god.
   165 | D:1      | Became a worshipper of Gozag Ym Sagoz the Greedy
   217 | D:1      | Reached XP level 2. HP: 17/19 MP: 3/6
   490 | D:1      | amulet of magic regen in northwest
   720 | D:1      | Reached skill level 4 in Spellcasting
   783 | D:1      | Learned a level 2 spell: Scorch
  1167 | D:2      | Found Cecius's General Store.
  1193 | D:2      | Bought a scroll of identify for 26 gold pieces
  1196 | D:2      | Gained mutation: You are in touch with the powers of death.
                  | [Mummy growth]
  1196 | D:2      | Reached XP level 3. HP: 24/24 MP: 5/8
  1705 | D:2      | Learned a level 3 spell: Volatile Blastmotes
  1901 | D:2      | Reached skill level 5 in Spellcasting
  1915 | D:2      | Found Juoc's Weapon Shop.
  2071 | D:3      | Killed themself with a badly aimed concussive blast

Illustrated notes #..# ##....# ..###.###.# .# #.#.####.##.# # #.###...... #..##.......(. #......##.#.# #.#.###.....# ..#.##.#.#.# #.# #...@...# ## #.##.#.#.# #. #.....# # ###......... ######.### # Turn 112 on D:1: Book of Fire southeast of start.

#####################
#...................###
##...)......@.....# #
#...###########.#.# #.
#.#.#.##
#.#.##§##.#######
..##v..........#
#.#.#§#.#.#####.# #.
...#..## #.##### ####
#.###.#.## #§.≈≈§ #..
#...#...###### #.>w§.
#.#


Turn 490 on D:1: amulet of magic regen in northwest

Levels and vault maps discovered:
D:1:      dpeg_arrival_brainrot, layout_loops_ring,
          hellmonk_ecumenical_altar_arch_garden
D:2:      layout_loops_ring, serial_shops, nicolae_shop_behind_doors, shop
D:3:      layout_basic, serial_shops, nicolae_shop_hallway_stairs,
          nicolae_book_shop_shelving, minmay_lizard_king

Skill      XL: |  1  2  3 |
---------------+----------+-----
Spellcasting   | 3 4 5 |  5.3
Dodging        | |  1.5
Stealth        | |  1.5
Conjurations   | |  0.7
Fire Magic     | |  2.4

Action                     || total
---------------------------++-------
  Melee: Unarmed           ||     5
         Short sword       ||    18
   Cast: Foxfire           ||    48
         Scorch            ||    17
         Volatile Blastmot ||     2
    Use: Scroll            ||     7
 Armour: Robe              ||     9
  Dodge: Dodged            ||    27
